 Dungeon Crawl Stone Soup version 0.30-a0-360-g447f08457e (webtiles) character file.

Game seed: 10165909396225639510

208 innerfire433 the Trooper (level 5, 0/42 HPs)
             Began as a Demonspawn Monk on Nov 14, 2022.
             Was an Elder of Qazlal.
             Succumbed to Crazy Yiuf's poison
             ... on level 3 of the Dungeon.
             The game lasted 00:04:28 (2556 turns).

innerfire433 the Trooper (Demonspawn Monk)          Turns: 2556, Time: 00:04:29

Health: 0/42       AC: 13    Str: 14    XL:     5   Next: 55%
Magic:  0/5        EV:  4    Int: 13    God:    Qazlal [****..]
Gold:   182        SH:  5    Dex: 15    Spells: 4/4 levels left

rFire   . . .      SeeInvis .    i - +2 dagger (elec)
rCold   . . .      Faith    .    (no shield)
rNeg    . . .      Spirit   +    d - +0 plate armour
rPois   .          Reflect  .    w - +0 helmet
rElec   .          Harm     .    (no cloak)
rCorr   .          Rampage  .    p - +0 pair of gloves
Will    .....                    (no boots)
Stlth   ..........               (no amulet)
HPRegen 0.27/turn                (no ring)
MPRegen 0.18/turn                (no ring)

@: lethally poisoned (0 -> -5), repel missiles
A: magic shield, magic regeneration, big brain 1
a: Renounce Religion, Upheaval, Elemental Force


You were on level 3 of the Dungeon.
You worshipped Qazlal.
Qazlal was greatly pleased with you.
You visited 1 branch of the dungeon, and saw 3 of its levels.

You collected 182 gold pieces.

Inventory:

Hand Weapons
 a - a +0 hand axe
 i - a +2 dagger of electrocution (weapon)
Armour
 b - a +0 robe
 d - a +0 plate armour (worn)
 p - a +0 pair of gloves (worn)
 w - a +0 helmet (worn)
Magical Staves
 l - a staff of cold
Jewellery
 s - an amulet of regeneration
Wands
 v - a wand of roots (9)
Scrolls
 j - 3 scrolls of identify {unknown}
 n - 2 scrolls of teleportation {unknown}
 o - a scroll of enchant armour {unknown}
 r - a scroll of magic mapping {unknown}
 u - a scroll of summoning {unknown}
Potions
 c - a potion of ambrosia
 e - 2 potions of invisibility {unknown}
 f - a potion of heal wounds
 g - a potion of resistance {unknown}
 h - 4 potions of degeneration {unknown}
 k - a potion of berserk rage {unknown}
 m - a potion of attraction {unknown}
 q - a potion of curing {unknown}
 t - a potion of cancellation {unknown}


   Skills:
 + Level 3.9 Fighting
 * Level 2.5 Short Blades
 - Level 2.8 Axes
 * Level 3.0 Armour
 - Level 2.7 Dodging
 - Level 1.7 Stealth


You had 4 spell levels left.
You didn't know any spells.
Your spell library contained the following spells:

 Spells                   Type           Power      Damage    Failure   Level
 Chain Lightning          Conj/Air       0%         N/A       100%        9
 Fire Storm               Conj/Fire      0%         5d1       100%        9
 Shatter                  Erth           0%         3d5*      100%        9


Dungeon Overview and Level Annotations

Branches:
Dungeon (3/15)

Altars:
Qazlal

Annotations:
D:3 Crazy Yiuf


Innate Abilities, Weirdness & Mutations

When hurt, damage is shared between your health and your magic reserves.
You regenerate magic rapidly.
You have an unusually large brain. (Int +2)


Message History

w - a +0 helmet You start putting on your armour.
You continue putting on your +0 helmet. x4
You finish putting on your +0 helmet.
You see here a +0 leather armour.
You see here a +0 plate armour.
You see here a +0 hammer.
You see here a +0 hammer.
Crazy Yiuf shouts!
You open the door. You hit Crazy Yiuf.
Crazy Yiuf is lightly wounded.
You block Crazy Yiuf's attack.
You closely miss Crazy Yiuf.
Crazy Yiuf is lightly wounded.
Crazy Yiuf hits you but does no damage.
You are poisoned.
You hit Crazy Yiuf. Lightning courses through Crazy Yiuf!
Crazy Yiuf is severely wounded.
You feel sick.
Crazy Yiuf cries, "Race down arga!"
Crazy Yiuf drinks a potion.
Crazy Yiuf is healed!
You hit Crazy Yiuf but do no damage.
You feel sick.
Crazy Yiuf hits you with a +4 quarterstaff of chaos.
You are more poisoned.
You completely miss Crazy Yiuf.
You feel very sick.
Crazy Yiuf hits you with a +4 quarterstaff of chaos.
Crazy Yiuf burns you.
You barely miss Crazy Yiuf.
You feel very sick. Crazy Yiuf hits you but does no damage.
You blink.
You feel sick.
You feel sick.
Crazy Yiuf hits you with a +4 quarterstaff of chaos!
* * * LOW HITPOINT WARNING * * *
Space warps horribly around you!
* * * LOW HITPOINT WARNING * * *
You completely miss Crazy Yiuf. You punch Crazy Yiuf.
Crazy Yiuf is lightly wounded.
You die...

#.# ♣...♣♣
### ♣♣.♣♣
♣.♣♣ ♣♣.♣
♣.♣♣ ♣♣§♣
##'## #.g.#
#.@.# #.☼)#
#####
##########
##...##...#
#.......>.#
#....##...#
#.#.#######


You could see Crazy Yiuf.

Vanquished Creatures
  An orc priest (D:2)
  An orc wizard (D:2)
  A gnoll (D:2)
  7 adders
  2 worms
  2 dart slugs (D:1)
  5 orcs (D:2)
  6 bats
  5 endoplasms
  6 giant cockroaches
  4 goblins
  4 hobgoblins
  6 jackals
  A quokka (D:2)
  6 ball pythons
  3 frilled lizards
  3 kobolds
  8 rats
71 creatures vanquished.

Notes
Turn   | Place    | Note
-------+----------+-------------------------------------------
     0 | D:1      | innerfire433 the Demonspawn Monk began the quest for the
                  | Orb.
     0 | D:1      | Reached XP level 1. HP: 18/18 MP: 1/1
   140 | D:1      | Reached skill level 1 in Armour
   140 | D:1      | Gained mutation: You regenerate magic rapidly. [demonic
                  | ancestry]
   140 | D:1      | Reached XP level 2. HP: 13/24 MP: 2/2
   195 | D:1      | Found a faded altar of an unknown god.
   199 | D:1      | Prayed at the altar of an unknown god.
   199 | D:1      | Became a worshipper of Qazlal Stormbringer
   199 | D:1      | Reached * piety under Qazlal
   199 | D:1      | Reached ** piety under Qazlal
   275 | D:1      | HP: 1/24 [goblin/+2 dagger of electrocution (18)]
   511 | D:1      | Reached *** piety under Qazlal
   805 | D:2      | Gained mutation: When hurt, damage is shared between your
                  | health and your magic reserves. [demonic ancestry]
   805 | D:2      | Reached XP level 3. HP: 29/29 MP: 3/3
   842 | D:2      | Reached skill level 1 in Short Blades
   919 | D:2      | Reached XP level 4. HP: 34/35 MP: 4/4
  1165 | D:2      | Gained mutation: You have an unusually large brain. (Int
                  | +2) [demonic ancestry]
  1165 | D:2      | Reached XP level 5. HP: 18/42 MP: 3/5
  1702 | D:3      | Reached **** piety under Qazlal
  2216 | D:3      | Found a runed translucent door.
  2217 | D:3      | Noticed Crazy Yiuf
  2555 | D:3      | HP: 1/42 [Crazy Yiuf/+4 quarterstaff of chaos (11)]
  2556 | D:3      | Succumbed to Crazy Yiuf's poison

Illustrated notes

Levels and vault maps discovered:
D:1:      dpeg_arrival_oval, layout_loops_ring,
          hellmonk_ecumenical_altar_defaced_shrine, dk_noncrumbling_4
D:2:      cheibrodos_pilgrimage, layout_loops_cross, st_stairs_2
D:3:      layout_loops_ring, roderic_lattice_a, uniq_crazy_yiuf_cottage

Skill      XL: |  1  2  3  4  5 |
---------------+----------------+-----
Armour         | 1 2 3 |  3.0
Short Blades   | 1 2 |  2.5
Fighting       | |  3.9
Axes           | |  2.8
Dodging        | |  2.7
Stealth        | |  1.7

Action                   |  1- 3 |  4- 6 || total
-------------------------+-------+-------++-------
Melee: Hand axe          |    25 |       ||    25
       Dagger            |    65 |    97 ||   162
       Punch             |     2 |     1 ||     3
  Use: Potion            |     1 |       ||     1
Armor: Plate armour      |    66 |    66 ||   132
Dodge: Dodged            |    13 |    15 ||    28
Block: Other             |     8 |    24 ||    32

Table legend: (Time is in decaauts)
 A = Elapsed time spent in this place.
 B = Non-inter-level travel time spent in this place.
 C = Inter-level travel time spent in this place.
 D = Time resting spent in this place.
 E = Time spent auto-exploring this place.
 F = Levels seen in this place.
 G = Mean time per level.
                   A        B        C        D        E       F      G
               +--------+--------+--------+--------+--------+-----+--------+
         Total |   2546 |   2433 |    113 |      0 |   1966 |   3 |  848.7 |
       Dungeon |   2546 |   2433 |    113 |      0 |   1966 |   3 |  848.7 |
               +--------+--------+--------+--------+--------+-----+--------+

Top non-repeatable levels by time:
     D:3: 889 daAuts
     D:2: 856 daAuts
     D:1: 800 daAuts
